 Dungeon Crawl Stone Soup version 0.20.0-8-g6b59dc7 (webtiles) character file.

160 Hasart the Poker (level 5, -7/37 HPs)
             Began as an Octopode Fighter on May 30, 2017.
             Mangled by an orc priest
             ... wielding a +0 mace
              (10 damage)
             ... on level 4 of the Dungeon.
             The game lasted 00:05:33 (2792 turns).

Hasart the Poker (Octopode Fighter)                 Turns: 2792, Time: 00:05:34

Health: -7/37      AC:  1    Str: 16    XL:     5   Next: 41%
Magic:  5/5        EV:  9    Int: 10    God:
Gold:   111        SH:  9    Dex: 12    Spells: 4/4 levels left

rFire    . . .     SeeInvis .   a - +0 trident
rCold    . . .     Gourm    .   b - +0 shield
rNeg     . . .     Faith    .   (helmet restricted)
rPois    .         Spirit   .   (no amulet)
rElec    .         Reflect  .   e - -3 ring of evasion (curse)
rCorr    .         Harm     .   (no ring)
MR       .....                  (no ring)
Stlth    ++........             (no ring)
Regen    0.2/turn               (no ring)
MPRegen  0.1/turn               (no ring)
                                (no ring)
                                (no ring)

@: no status effects
A: almost no armour, stealthy swim, amphibious, 8 rings, constrict 8, camouflage
1, gelatinous body 1
a: no special abilities


You were on level 4 of the Dungeon.
You were not hungry.

You visited 1 branch of the dungeon, and saw 4 of its levels.

You collected 111 gold pieces.

Inventory:

Hand Weapons
 a - a +0 trident (weapon)
Armour
 b - a +0 shield (worn)
Jewellery
 e - a cursed -3 ring of evasion (left tentacle)
Scrolls
 g - 7 scrolls of remove curse {unknown}
 k - 3 scrolls of identify {unknown}
 l - a scroll of magic mapping {unknown}
 n - 2 scrolls of random uselessness {unknown}
 o - a scroll of teleportation {unknown}
 q - a scroll of blinking {unknown}
 s - a scroll of immolation {unknown}
Potions
 c - 2 potions of might
 i - 4 potions of curing {unknown}
 m - a potion of flight {unknown}
 p - 2 potions of heal wounds {unknown}
Books
 r - the Papyrus of Syndicalism
   (You found it on level 3 of the Dungeon)

   Spells                             Type                      Level
   a - Flame Tongue                   Conjuration/Fire             1
   b - Throw Flame                    Conjuration/Fire             2
   c - Recall                         Summoning/Translocation      3
Comestibles
 d - 3 bread rations
 f - 5 fruits
 h - 2 meat rations
 j - a royal jelly
 t - 3 chunks of flesh


   Skills:
 + Level 3.7 Fighting
 * Level 3.8 Polearms
 + Level 3.6 Dodging
 + Level 3.7 Shields


You had 4 spell levels left.
You didn't know any spells.

Dungeon Overview and Level Annotations

Branches:
Dungeon (4/15)
 Temple: D:4-7

Altars:
Ashenzari


Innate Abilities, Weirdness & Mutations

You cannot wear most types of armour.
You are very stealthy in the water. (Stealth+)
You are amphibious.
You can wear up to eight rings at the same time.
You can use your tentacles to constrict eight enemies at once.
Your skin changes colour to match your surroundings (Stealth+).
Your rubbery body absorbs attacks. (AC +1, EV +1)


Message History

The orc wizard is lightly wounded.
You constrict the orc wizard. The orc wizard hits you with a dagger.
You block the orc wizard's attack.
You hit the orc wizard.
The orc wizard is severely wounded.
You constrict the orc wizard. The orc wizard closely misses you.
The orc wizard looks encouraged for a moment.
The orc priest looks encouraged for a moment.
You hit the orc wizard.
You kill the orc wizard!
You hit the orc priest. You grab the orc priest.
The orc priest is lightly wounded.
You constrict the orc priest.
The orc priest mumbles some strange prayers to Beogh against you.
Beogh smites you!
* * * LOW HITPOINT WARNING * * *
You hit the orc priest.
The orc priest is heavily wounded.
You constrict the orc priest. The orc priest hits you with a mace!
You die...

###
##########..
#...........
#.####......
#.# #...(.# #.#
#.#.#.#
..###########.#
#.#.#.#
......o@.)....#
#.#....
..###########.#
#.#.>.. #.#
#.#.#.# #.#
....... ...
...(... #..
....... #.##
#.### .# .


You could see an orc priest.

Vanquished Creatures
  An orc wizard (D:4)
  5 adders
  3 worms
  A dart slug (D:1)
  3 leopard geckos
  2 orcs
  6 bats
  6 giant cockroaches
  4 goblins
  11 hobgoblins
  6 jackals (D:3)
  A quokka (D:2)
  3 frilled lizards
  11 kobolds
  9 rats
72 creatures vanquished.

Notes
Turn   | Place    | Note
-------+----------+-------------------------------------------
     0 | D:1      | Hasart the Octopode Fighter began the quest for the Orb.
     0 | D:1      | Reached XP level 1. HP: 16/16 MP: 1/1
   232 | D:1      | Reached XP level 2. HP: 18/21 MP: 2/2
   552 | D:1      | Reached XP level 3. HP: 26/26 MP: 3/3
  1237 | D:2      | Found a shattered altar of Ashenzari.
  1251 | D:2      | Reached XP level 4. HP: 23/31 MP: 4/4
  2315 | D:3      | Reached XP level 5. HP: 37/37 MP: 5/5
  2358 | D:3      | Identified the Papyrus of Syndicalism
  2792 | D:4      | Mangled by an orc priest

Skill      XL: |  1  2  3 |
---------------+----------+-----
Polearms       | 3 |  3.8
Fighting       | |  3.7
Dodging        | |  3.6
Shields        | |  3.7

Action                   |  1- 3 |  4- 6 || total
-------------------------+-------+-------++-------
Melee: Trident           |    76 |    76 ||   152
       Constrict         |    19 |    22 ||    41
       Tentacles         |    13 |    13 ||    26
 Stab: Sleeping          |     6 |     4 ||    10
  Eat: Chunk             |     1 |     5 ||     6
Armor: Skin              |     3 |     3 ||     6
Dodge: Dodged            |    19 |    18 ||    37
Block: Shield            |    25 |    29 ||    54
